 Dungeon Crawl Stone Soup version 0.17.1-1-g73c8601 (webtiles) character file.

212 Meliandr the Covert (level 5, 0/38 HPs)
             Began as a Vampire Assassin on Jan 8, 2016.
             Slain by Musteatbrain's ghost (6 damage)
             ... on level 3 of the Dungeon.
             The game lasted 00:28:42 (1759 turns).

Meliandr the Covert (Vampire Assassin)              Turns: 1759, Time: 00:28:43

Health: 0/38       AC:  4    Str: 15    XL:     5   Next: 58%
Magic:  5/5        EV: 13    Int: 14    God:
Gold:   57         SH:  0    Dex: 16    Spells: 0 memorised, 4 levels left

rFire  + . .     SeeInvis +     a - +2 dagger
rCold  + . .     Clarity  .     c - +0 robe
rNeg   . . .     SustAt   .     (no shield)
rPois  +         Gourm    .     l - +0 helmet
rElec  +         Spirit   .     d - +0 cloak
rCorr  +         Warding  .     (no gloves)
rMut   .         Stasis   .     (no boots)
MR     .....                    (no amulet)
Stlth  +++++.....               (no ring)
                                (no ring)

@: mighty, resistant, regenerating very quickly, not resistant to hostile
enchantments, quite stealthy
A: fangs 3, see invisible, unbreathing
a: no special abilities


You were on level 3 of the Dungeon.
You were almost alive.

You visited 1 branch of the dungeon, and saw 3 of its levels.

You collected 57 gold pieces.

Inventory:

Hand Weapons
 a - a +2 dagger (weapon)
 b - a +0 blowgun
Missiles
 e - 8 poisoned needles
 f - 2 curare-tipped needles
 m - a throwing net (quivered)
Armour
 c - a +0 robe (worn)
 d - a +0 cloak (worn)
 l - a +0 helmet (worn)
Scrolls
 h - a scroll of remove curse
 n - a scroll of identify
Potions
 g - 4 potions of blood
 j - a potion of cancellation {unknown}
 k - a potion of ambrosia {unknown}
 o - a potion of brilliance {unknown}
 p - a potion of curing {unknown}
 s - a potion of resistance


   Skills:
 + Level 2.1 Fighting
 + Level 2.3 Short Blades
 - Level 1.5 Throwing
 * Level 3.2 Dodging
 * Level 9.1 Stealth


You had 4 spell levels left.
You didn't know any spells.

Dungeon Overview and Level Annotations

Branches:
Dungeon (3/15)

Altars:
Fedhas
The Shining One

Annotations:
D:3 Musteatbrain's ghost, amateur DgFi


Innate Abilities, Weirdness & Mutations

Your natural rate of healing is extremely fast.
You have razor-sharp teeth.
You have supernaturally acute eyesight.
You can survive without breathing.


Message History

An orc priest comes into view. It is wielding a club.
It was a potion of resistance.
You feel protected.
Musteatbrain's ghost hits you but does no damage.
The orc priest shouts!
You hit Musteatbrain's ghost but do no damage.
Musteatbrain's ghost is lightly damaged.
Musteatbrain's ghost completely misses you.
An orc wizard comes into view. It is wielding a dagger.
The orc wizard shouts!
You puncture Musteatbrain's ghost!
Musteatbrain's ghost is heavily damaged.
Musteatbrain's ghost hits you.
* * * LOW HITPOINT WARNING * * *
Musteatbrain's ghost burns you.
* * * LOW HITPOINT WARNING * * *
You hit Musteatbrain's ghost. You bite Musteatbrain's ghost.
Musteatbrain's ghost is severely damaged.
Musteatbrain's ghost hits you.
You die...

#.###...# .......(
#.....##..###......
#######..###..#######
#..........###..#....
#)####.......##.'..8⌠
#)...#.....###..#....
####.#...###..#######
#.#..##..###
#@#....### #W##.###
#.#... #o#... #o#....
#.#.### #o#. #.##


You could see an orc priest, an orc wizard, Musteatbrain's ghost and an orc.

Vanquished Creatures
  An ogre (D:3)
  3 adders (D:2)
  4 gnolls
  2 worms (D:2)
  A giant gecko (D:1)
  9 bats
  5 giant cockroaches
  7 hobgoblins
  6 kobolds
  2 quokkas (D:2)
  3 giant newts
  8 goblins
  6 rats
57 creatures vanquished.

Notes
Turn   | Place    | Note
--------------------------------------------------------------
     0 | D:1      | Meliandr the Vampire Assassin began the quest for the Orb.
     0 | D:1      | Reached XP level 1. HP: 16/16 MP: 1/1
    39 | D:1      | Reached skill level 6 in Stealth
   263 | D:1      | Reached XP level 2. HP: 22/22 MP: 2/2
   630 | D:1      | Reached XP level 3. HP: 27/27 MP: 3/3
   717 | D:1      | Reached skill level 7 in Stealth
   949 | D:2      | Found a blossoming altar of Fedhas.
  1234 | D:2      | Found a glowing golden altar of the Shining One.
  1360 | D:2      | Reached XP level 4. HP: 30/33 MP: 4/4
  1637 | D:3      | Noticed an ogre
  1639 | D:3      | Killed an ogre
  1639 | D:3      | Reached skill level 8 in Stealth
  1639 | D:3      | Reached XP level 5. HP: 38/38 MP: 5/5
  1727 | D:3      | Reached skill level 9 in Stealth
  1747 | D:3      | Noticed Musteatbrain's ghost (amateur DgFi)
  1759 | D:3      | Slain by Musteatbrain's ghost

Action                   |  1- 3 |  4- 6 || total
-------------------------+-------+-------++-------
Melee: Dagger            |   111 |    32 ||   143
 Fire: Blowgun           |     6 |       ||     6
Throw: Throwing net      |       |     1 ||     1
  Use: Scroll            |     8 |       ||     8
       Potion            |       |     2 ||     2
 Stab: Sleeping          |    13 |    11 ||    24
       Distracted        |     1 |       ||     1
  Eat: Corpse            |    13 |     4 ||    17
